 Dungeon Crawl Stone Soup version 0.27.1-15-g792fb953b9 (webtiles) character file.

Game seed: 13882579876591503366

59 Gabide the Charlatan (level 3, 0/28 HPs)
             Began as a Demigod Artificer on Nov 19, 2021.
             Slain by an adder (4 damage)
             ... on level 2 of the Dungeon.
             The game lasted 00:05:45 (2601 turns).

Gabide the Charlatan (Demigod Artificer)            Turns: 2601, Time: 00:05:45

Health: 0/28       AC:  3    Str: 13    XL:     3   Next: 54%
Magic:  5/5        EV: 11    Int: 13    God:
Gold:   61         SH:  0    Dex: 18    Spells: 2/2 levels left

rFire    . . .     SeeInvis .   i - +0 halberd
rCold    . . .     Faith    .   (shield currently unavailable)
rNeg     . . .     Spirit   .   b - +0 leather armour
rPois    .         Reflect  .   (no helmet)
rElec    .         Harm     .   (no cloak)
rCorr    .         Rampage  .   (no gloves)
Will     .....                  (no boots)
Stlth    ++........             (no amulet)
HPRegen  0.09/turn              (no ring)
MPRegen  0.09/turn              (no ring)

@: lethally poisoned (0 -> -4)
A: high mp 1, forlorn
a: no special abilities


You were on level 2 of the Dungeon.
You visited 1 branch of the dungeon, and saw 2 of its levels.

You collected 61 gold pieces.

Inventory:

Hand Weapons
 i - a +0 halberd (weapon)
Armour
 b - a +0 leather armour (worn)
Wands
 c - a wand of flame (1) (quivered)
 d - a wand of charming (15)
Scrolls
 a - a scroll of blinking
 f - 2 scrolls of teleportation
 h - a scroll of identify
Miscellaneous
 e - a piece from Xom's chessboard (15/15)


   Skills:
 + Level 1.0 Fighting
 * Level 1.5 Polearms
 + Level 2.4 Armour
 * Level 1.3 Dodging
 + Level 0.9 Stealth
 - Level 0.5 Unarmed Combat
 + Level 3.0 Evocations


You had 2 spell levels left.
You didn't know any spells.
Your spell library was empty.

Dungeon Overview and Level Annotations

Branches:
Dungeon (2/15)


Innate Abilities, Weirdness & Mutations

Your attributes grow dramatically as you level up.
You have an increased reservoir of magic. (+10% MP)
You shall have no god before yourself.


Message History

You closely miss the adder.
You feel sick. The bat misses you. The adder bites you.
You are more poisoned.
The adder poisons you!
The adder bites you but does no damage. x2
The hobgoblin hits you but does no damage.
The adder bites you. The bat hits you but does no damage.
You are too injured to fight recklessly!
You are too injured to fight recklessly!
You are too injured to fight recklessly!
You are too injured to fight recklessly!
You are too injured to fight recklessly!
You are too injured to fight recklessly!
You are too injured to fight recklessly!
You are too injured to fight recklessly!
You are too injured to fight recklessly!
You are too injured to fight recklessly!
You are too injured to fight recklessly!
You are too injured to fight recklessly!
You are too injured to fight recklessly!
You are too injured to fight recklessly!
You are too injured to fight recklessly!
You are too injured to fight recklessly!
You are too injured to fight recklessly!
You are too injured to fight recklessly!
Unknown command.
Aiming: Throw Flame
Press: ? - help, Q - select action, (/) - cycle Shift-Dir - straight line, f/p - adder
Aim: an adder (53% to hit)
The puff of flame hits the adder!
The adder is severely wounded.
* * * LOW HITPOINT WARNING * * *
You feel sick. The bat hits you but does no damage. The adder bites you.
* * * LOW HITPOINT WARNING * * *
The hobgoblin misses you.
The adder is engulfed in a cloud of scalding steam.
You kill the adder!
You aren't carrying any potions.
* * * LOW HITPOINT WARNING * * *
You feel sick. The adder bites you.
You die...

.##.......############..#
................ ##.#
#......††#..##. #..
#(#....#....# ##. #
#.##.###..## ## #.
#.......# #.###...#..#.
#.≈.#≈#......
♣.≈#@.#.≈... ♣§S≈..#≈...
..(.≈≈gl♣b≈.≈...
...≈≈..≈≈♣≈.....
...≈.≈♣#≈≈..≈.#. ....≈≈
..≈..... <..≈.# ≈#≈≈..##
...≈≈ ≈#≈.≈.# ..... ♣#
≈..#


You could see an adder, a hobgoblin, a bat and a frilled lizard.

Vanquished Creatures
  2 adders (D:2)
  2 dart slugs (D:1)
  A worm (D:1)
  3 ball pythons (D:1)
  3 bats
  3 endoplasms
  3 giant cockroaches
  3 goblins
  4 hobgoblins
  A quokka (D:1)
  2 frilled lizards
  3 kobolds
  4 rats
34 creatures vanquished.

Notes
Turn   | Place    | Note
-------+----------+-------------------------------------------
     0 | D:1      | Gabide the Demigod Artificer began the quest for the Orb.
     0 | D:1      | Reached XP level 1. HP: 15/15 MP: 3/3
    28 | D:1      | Reached skill level 1 in Dodging
   971 | D:1      | Reached XP level 2. HP: 22/22 MP: 4/4
  1925 | D:1      | Reached skill level 3 in Evocations
  2378 | D:2      | Reached skill level 1 in Fighting
  2378 | D:2      | Reached XP level 3. HP: 25/28 MP: 5/5
  2439 | D:2      | Reached skill level 1 in Polearms
  2601 | D:2      | Slain by an adder

Illustrated notes

Levels and vault maps discovered:
D:1:      minmay_arrival_jagged, layout_loops_ring, st_stairs_13,
          minmay_misc_feat_nine_boxes
D:2:      layout_rooms, dreamdust_ecumenical_altar_grove, serial_rivers,
          chequers_serial_rivers_marsh, chequers_serial_rivers_micro_c,
          chequers_serial_rivers_micro_b, chequers_serial_rivers_large_a,
          chequers_serial_rivers_small_a

Skill      XL: |  1  2  3 |
---------------+----------+-----
Dodging        | 1 |  1.3
Armour         | 2 |  2.4
Evocations     | 3 |  3.0
Fighting       | 1 |  1.0
Polearms       | 1 |  1.5
Stealth        | |  0.9
Unarmed Combat | |  0.5

Action                   || total
-------------------------++-------
Melee: Club              ||    49
       Halberd           ||    59
Evoke: Wand              ||    14
  Use: Scroll            ||     4
Armor: Leather armour    ||    41
Dodge: Dodged            ||   110
